 Dungeon Crawl Stone Soup version 0.21-a0-394-gdc75ea7 (webtiles) character file.

265 graki42 the Poker (level 5, 0/70 HPs)
             Began as a Minotaur Fighter on Oct 18, 2017.
             Succumbed to an adder's poison
             ... on level 4 of the Dungeon.
             The game lasted 00:03:47 (2430 turns).

graki42 the Poker (Minotaur Fighter)                Turns: 2430, Time: 00:03:48

Health: 0/70       AC: 22    Str: 21    XL:     5   Next: 99%
Magic:  4/4        EV:  2    Int:  6    God:
Gold:   211        SH:  9    Dex:  9    Spells: 4/4 levels left

rFire    + . .     SeeInvis .   a - +0 trident
rCold    + . .     Gourm    .   c - +0 shield
rNeg     + + +     Faith    .   (armour currently unavailable)
rPois    +         Spirit   .   (helmet currently unavailable)
rElec    +         Reflect  .   (cloak currently unavailable)
rCorr    +         Harm     .   (gloves currently unavailable)
MR       .....     NoTele   +   (boots currently unavailable)
Stlth    +.........             (no amulet)
HPRegen  0.21/turn              (no ring)
MPRegen  0.09/turn              (no ring)

@: lethally poisoned (0 -> -1), tree-form, resistant
A: (retaliatory headbutt)
a: no special abilities


You were on level 4 of the Dungeon.
You were not hungry.
You were a tree.
You visited 1 branch of the dungeon, and saw 4 of its levels.

You collected 211 gold pieces.

Inventory:

Hand Weapons
 a - a +0 trident (weapon)
Armour
 b - a +0 scale mail (melded)
 c - a +0 shield (worn)
 z - a +0 cloak (melded)
 A - a +0 pair of gloves (melded)
Jewellery
 k - a cursed ring of teleportation {unknown}
 p - a +3 amulet of reflection {unknown}
 w - a cursed -4 ring of evasion {unknown}
Wands
 x - a wand of polymorph (20/24)
Scrolls
 g - a scroll of random uselessness {unknown}
 h - 2 scrolls of magic mapping {unknown}
 l - 3 scrolls of teleportation {unknown}
 s - 2 scrolls of remove curse {unknown}
 v - 3 scrolls of identify {unknown}
 y - a scroll of enchant armour {unknown}
 B - a scroll of amnesia {unknown}
Potions
 d - 2 potions of might
 e - a potion of ambrosia {unknown}
 i - a potion of agility {unknown}
 j - 2 potions of resistance
 m - 2 potions of heal wounds {unknown}
 q - 2 potions of lignification
 r - 2 potions of flight {unknown}
 u - 2 potions of haste {unknown}
Comestibles
 f - 3 bread rations
 n - 4 meat rations
 o - 12 fruits
 t - 3 royal jellies


   Skills:
 + Level 4.4 Fighting
 + Level 5.3 Polearms
 + Level 4.6 Armour
 + Level 1.0 Dodging
 + Level 0.4 Stealth
 + Level 4.7 Shields


You had 4 spell levels left.
You didn't know any spells.

Dungeon Overview and Level Annotations

Branches:
Dungeon (4/15)
 Temple: D:4-7

Altars:
Cheibriados
Fedhas
Trog


Innate Abilities, Weirdness & Mutations

((You reflexively headbutt those who attack you in melee.))
((You have a pair of horns on your head.))


Message History

* * * LOW HITPOINT WARNING * * *
You hit the ogre.
The ogre is almost dead.
* * * LOW HITPOINT WARNING * * *
You feel sick. The ogre closely misses you.
You puncture the ogre!
You kill the ogre!
Your Polearms skill increases to level 5!
Your Dodging skill increases to level 1!
Unknown command.
It was a potion of resistance.
You feel protected.
It was a potion of lignification.
You turn into a tree.
Your +0 cloak melds into your body.
Your +0 pair of gloves melds into your body.
Your +0 scale mail melds into your body.
Your roots penetrate the ground.
Okay, then.
There is a lethal amount of poison in your body!
You die...

.... ....
#$.. #..#
#..# #..#
#.)# # #.♣#
#. #..# #.#
#.?# #..##
##..# .
#...###...#
..#
#.......##
...###
##.[....#
#...<##
#.....##
##....##
#......#


There were no monsters in sight!

Vanquished Creatures
  An ogre (D:4)
  An orc priest (D:3)
  Crazy Yiuf (D:2)
  7 adders
  An ooze (D:3)
  An adder skeleton (D:3)
  4 worms
  3 orcs (D:3)
  A ball python (D:1)
  2 giant cockroaches
  4 goblins
  2 hobgoblins (D:2)
  2 jackals (D:3)
  A quokka (D:2)
  2 bats
  3 frilled lizards
  5 kobolds
  8 rats
  A fungus (D:2)
50 creatures vanquished.

Notes
Turn   | Place    | Note
-------+----------+-------------------------------------------
     0 | D:1      | graki42 the Minotaur Fighter began the quest for the Orb.
     0 | D:1      | Reached XP level 1. HP: 19/19 MP: 0/0
     4 | D:1      | Found a snail-covered altar of Cheibriados.
   480 | D:2      | Reached XP level 2. HP: 25/27 MP: 1/1
   653 | D:2      | Found a blossoming altar of Fedhas.
   736 | D:2      | Reached skill level 3 in Polearms
   736 | D:2      | Reached XP level 3. HP: 33/33 MP: 2/2
  1309 | D:2      | Found a runed door.
  1313 | D:2      | Noticed Crazy Yiuf
  1320 | D:2      | Killed Crazy Yiuf
  1320 | D:2      | Reached XP level 4. HP: 5/40 MP: 3/3
  1596 | D:3      | Reached skill level 4 in Polearms
  1734 | D:3      | Noticed a moth of wrath
  1745 | D:3      | Found a bloodstained altar of Trog.
  2059 | D:3      | Reached XP level 5. HP: 46/46 MP: 4/4
  2414 | D:4      | Noticed an ogre
  2425 | D:4      | HP: 2/47 [ogre/giant club (22)]
  2427 | D:4      | Killed an ogre
  2427 | D:4      | Reached skill level 5 in Polearms
  2427 | D:4      | Reached skill level 1 in Dodging
  2430 | D:4      | Succumbed to an adder's poison

Vault maps used:
D:1:      tarquinn_simple_flora_water_e, cheibriados_altar_1
D:2:      fedhas_altar_3, due_unseen_surprise, uniq_crazy_yiuf_cottage
D:3:      tgw_trog
D:4:      lemuel_crystal_altar, first_bread, uniq_duvessa

Skill      XL: |  1  2  3  4  5 |
---------------+----------------+-----
Shields        | 4 |  4.7
Fighting       | 4 |  4.4
Armour         | 4 |  4.6
Polearms       | 3 4 5 |  5.3
Dodging        | 1 |  1.0
Stealth        | |  0.4

Action                   |  1- 3 |  4- 6 || total
-------------------------+-------+-------++-------
Melee: Trident           |    74 |    96 ||   170
       Headbutt          |     8 |    12 ||    20
  Use: Potion            |       |     2 ||     2
  Eat: Chunk             |     1 |     4 ||     5
Armor: Scale mail        |    15 |    32 ||    47
Dodge: Dodged            |     8 |    21 ||    29
Block: Shield            |    22 |    36 ||    58

Table legend:
 A = Spawn XP
 B = Non-spawn XP
 C = Spawn XP percentage of total XP
 D = Spawn monster count
 E = Non-spawn monster count
 F = Spawn count percentage of total count
 G = Total turns spent on level
                    A         B        C        D         E        F      G
               +---------+---------+-------+---------+---------+-------+---------
         Total |       0 |     379 |   0.0 |       0 |      49 |   0.0 |  2430
               +---------+---------+-------+---------+---------+-------+---------
           D:1 |       0 |      11 |   0.0 |       0 |       8 |   0.0 |   474
           D:2 |       0 |      85 |   0.0 |       0 |      13 |   0.0 |  1087
           D:3 |       0 |     148 |   0.0 |       0 |      26 |   0.0 |   828
           D:4 |       0 |     135 |   0.0 |       0 |       2 |   0.0 |    41
               +---------+---------+-------+---------+---------+-------+---------
